 Dungeon Crawl Stone Soup version 0.20.1-1-g8b1a95d (webtiles) character file.

18 Minstaer the Sneak (level 2, 0/15 HPs)
             Began as a Kobold Enchanter on Nov 4, 2017.
             Slain by a worm (11 damage)
             ... on level 2 of the Dungeon.
             The game lasted 00:05:40 (870 turns).

Minstaer the Sneak (Kobold Enchanter)                Turns: 870, Time: 00:05:42

Health: 0/15       AC:  6    Str:  5    XL:     2   Next: 90%
Magic:  4/5        EV: 14    Int: 16    God:
Gold:   34         SH:  0    Dex: 15    Spells: 3/6 levels left

rFire    + . .     SeeInvis .   a - +1 dagger
rCold    . . .     Gourm    .   (shield restricted)
rNeg     . . .     Faith    .   q - +0 leather armour {rF+}
rPois    .         Spirit   .   n - +2 helmet
rElec    .         Reflect  .   (no cloak)
rCorr    .         Harm     .   (no gloves)
MR       .....                  (no boots)
Stlth    ++........             (no amulet)
Regen    0.1/turn               (no ring)
MPRegen  0.1/turn               (no ring)

@: no status effects
A: carnivore 3
a: no special abilities


You were on level 2 of the Dungeon.
You were completely stuffed.

You visited 1 branch of the dungeon, and saw 2 of its levels.

You collected 34 gold pieces.

Inventory:

Hand Weapons
 a - a +1 dagger (weapon)
 h - a +2 spear of flaming
 k - a +0 short sword
Missiles
 b - 23 stones (quivered)
 p - 16 sling bullets
 r - 8 bolts
Armour
 n - a +2 helmet (worn)
 q - a +0 leather armour of fire resistance (worn)
Scrolls
 g - 2 scrolls of identify {unknown}
 j - a scroll of enchant weapon {unknown}
Potions
 e - a potion of brilliance {unknown}
 f - a potion of magic {unknown}
 i - a potion of curing {unknown}
 l - a potion of degeneration {unknown}
 m - a potion of flight {unknown}
Books
 c - a book of Maledictions

   Spells                             Type                      Level
   a - Corona                         Hexes                        1
   b - Ensorcelled Hibernation        Hexes/Ice                    2
   c - Confuse                        Hexes                        3
   d - Tukima's Dance                 Hexes                        3
   e - Dazzling Spray                 Conjuration/Hexes            3
Comestibles
 d - a meat ration


   Skills:
 * Level 2.6 Short Blades
 - Level 2.4 Dodging
 - Level 4.0 Stealth
 + Level 2.5 Spellcasting
 + Level 3.2 Hexes


You had 3 spell levels left.
You knew the following spells:

 Your Spells              Type           Power        Failure   Level  Hunger
a - Corona                Hex            ##.....      9%          1    #......
b - Ensorcelled Hibernat  Hex/Ice        #.....       26%         2    ##.....


Dungeon Overview and Level Annotations

Branches:
Dungeon (2/15)

Altars:


Innate Abilities, Weirdness & Mutations

You are small and have problems with some larger weapons.
You are carnivorous and can eat meat at any time.


Message History

You hit the worm.
The worm is severely wounded.
The worm barely misses you.
You hit the worm.
The worm is severely wounded.
The worm stops glowing.
You barely miss the worm.
The worm is severely wounded.
The worm bites you.
Casting: Corona
Confirm with . or Enter, or press ? or * to list all spells.
Aiming: Corona
Press: ? - help, Shift-Dir - straight line, f/p - worm
Aim: a worm (severely wounded, chance to defeat MR: 57%)
The worm struggles to resist.
You hit the worm.
The worm is severely wounded.
The worm bites you!
Ouch! That really hurt!
You die...

#.# #.# #####.# #.# ...#.#
#.######### #######.#.####
#..........
.............############.
###.#...%....... #.
##.#..#.##.###. ###.
##.....#.# .# # #...
#......#@# # #.# #.##
##......#w# ###.<.####.#
....$....#.##............#
#..........)..........<###
##.........########.##.#
##.#.#.#..# # #.#
#.#.#.#..# #.. # #.#.#...
### ..#.#.#


You could see a worm.

Vanquished Creatures
  A leopard gecko (D:1)
  A ball python (D:1)
  A giant cockroach (D:1)
  3 goblins (D:1)
  3 hobgoblins
  4 bats (D:1)
  2 frilled lizards (D:1)
  A rat (D:2)
16 creatures vanquished.

Notes
Turn   | Place    | Note
-------+----------+-------------------------------------------
     0 | D:1      | Minstaer the Kobold Enchanter began the quest for the Orb.
     0 | D:1      | Reached XP level 1. HP: 10/10 MP: 3/3
   301 | D:1      | Reached XP level 2. HP: 15/15 MP: 5/5
   308 | D:1      | Learned a level 2 spell: Ensorcelled Hibernation
   870 | D:2      | Slain by a worm

Skill      XL: |  1 |
---------------+----+-----
Short Blades   | 2 |  2.6
Dodging        | |  2.4
Stealth        | |  4.0
Spellcasting   | |  2.5
Hexes          | |  3.2

Action                   || total
-------------------------++-------
Melee: Dagger            ||    79
 Cast: Corona            ||     5
 Stab: Sleeping          ||     4
  Eat: Chunk             ||     8
Armor: Robe              ||     5
       Leather armour    ||    20
Dodge: Dodged            ||    53
